Bears vs Condors
Created - April 24, 2024 at 19:31
Goals
|
| Bears |
1 |
1 |
1 |
3 |
| Condors |
3 |
0 |
2 |
5 |
|
Shots
|
| Bears |
5 |
11 |
15 |
31 |
| Condors |
16 |
17 |
4 |
37 |
|
1st period
1. Condors , Connor Hurley 9 (Kiefer Sherwood 14, Brett Lernout 32) at 1:14
2. Condors , Jason Robertson 23 (Christian Fischer 11, Alexandre Carrier 43) at 2:25 (PP)
3. Condors , Jason Robertson 24 (Christian Fischer 12, Philippe Myers 24) at 3:10
4. Bears , Nicolas Aube-Kubel 61 (Kerby Rychel 79, Christian Dvorak 53) at 14:38
Penalties :
Austin Wuthrich (Her) for Tripping (Minor) at 2:12, Kerby Rychel (Her) for Holding (Minor) at 9:27
2nd period
5. Bears , Nicolas Aube-Kubel 62 (Kerby Rychel 80, Christian Dvorak 54) at 2:49 (PP)
Penalties :
Klim Kostin (Bak) for Roughing (Double Minor) at 1:46
3rd period
6. Condors , Christian Fischer 16 (Unassisted) at 2:02
7. Bears , Adam Lowry 18 (Nicholas Caamano 2, Ryan Graves 6) at 16:02
8. Condors , Phil McRae 33 (Alexandre Carrier 44, Adam Erne 52) at 19:19
Penalties :
Alexander Alexeyev (Bak) for Slashing (Minor) at 3:57
Goalie Stats
Artyom Zagidulin (Her), 32 saves from 37 shots - (0.865), L, 2-8-3, 60:00 minutes
Garret Sparks (Bak), 28 saves from 31 shots - (0.903), W, 32-25-2, 60:00 minutes
Players Stats for Bears
Player Name G A P +/- PIM S H SB GA TA FO MP PP MP PK MP
------------------------------------------------------------------------------------
A.J. Jenks 0 0 0 -1 0 0 3 0 0 0 0/0 17:09 1:53 1:12
Adam Lowry 1 0 1 -1 0 1 1 0 1 0 2/9 12:42 0:11 0:25
Austin Wuthrich 0 0 0 -1 2 3 3 0 0 1 1/1 12:09 0:15 0:00
Christian Dvorak 0 2 2 0 0 4 1 0 0 0 15/31 19:59 2:57 1:12
Cole Smith 0 0 0 -1 0 0 1 0 0 0 0/0 11:10 0:00 0:00
Gianluca Curcuruto 0 0 0 -1 0 0 3 1 0 2 0/0 26:03 3:13 1:22
Jacob Bryson 0 0 0 -1 0 1 1 1 0 1 0/0 12:48 1:48 0:10
Jesper Pettersson 0 0 0 -1 0 2 0 0 1 0 0/0 11:00 0:00 0:10
Joshua Leivo 0 0 0 0 0 1 1 0 1 0 0/0 15:34 1:53 0:00
Kerby Rychel 0 2 2 1 2 5 2 0 1 0 1/1 18:44 2:53 0:00
Mikko Vainonen 0 0 0 -1 0 2 0 8 0 0 0/0 26:03 3:13 1:22
Nicholas Caamano 0 1 1 -1 0 0 0 0 0 1 0/0 11:10 0:00 0:00
Nicolas Aube-Kubel 2 0 2 0 0 6 0 1 0 0 0/1 19:18 2:53 0:35
Nikolay Prokhorkin 0 0 0 -1 0 2 0 2 0 0 1/1 12:32 0:15 0:25
Ryan Graves 0 1 1 0 0 0 3 2 0 2 0/0 21:09 0:00 0:40
Sam Carrick 0 0 0 0 0 2 1 0 0 0 1/5 16:09 1:53 0:35
Tommy Vannelli 0 0 0 0 0 2 2 1 2 0 0/0 22:57 1:48 0:40
Vincent Dunn 0 0 0 -1 0 0 0 0 1 1 5/8 11:10 0:00 0:00
Players Stats for Condors
Player Name G A P +/- PIM S H SB GA TA FO MP PP MP PK MP
------------------------------------------------------------------------------------
Adam Erne 0 1 1 -1 0 2 0 0 1 1 0/0 19:02 0:57 0:23
Alexander Alexeyev 0 0 0 0 2 0 0 1 0 1 0/0 11:11 0:00 0:00
Alexandre Carrier 0 2 2 0 0 1 3 2 1 1 0/0 25:48 1:21 3:25
Brett Lernout 0 1 1 0 0 5 2 2 1 0 0/0 25:52 1:21 3:25
Christian Fischer 1 2 3 3 0 5 0 0 0 0 0/0 16:05 1:15 0:00
Connor Hurley 1 0 1 1 0 1 0 0 0 2 4/8 9:30 0:00 0:08
Emil Djuse 0 0 0 1 0 0 1 0 0 0 0/0 10:47 0:00 0:00
Filip Kral 0 0 0 1 0 0 0 0 0 0 0/0 5:07 0:00 0:00
Gustav Olofsson 0 0 0 0 0 0 1 1 0 0 0/0 18:50 0:51 1:36
Jason Robertson 2 0 2 2 0 3 5 0 0 0 1/1 16:50 1:15 1:19
Kailer Yamamoto 0 0 0 0 0 3 0 1 0 0 0/1 11:58 0:00 0:00
Kiefer Sherwood 0 1 1 1 0 1 2 0 1 1 1/1 11:47 0:00 2:56
Klim Kostin 0 0 0 0 4 2 0 0 2 0 0/0 12:28 0:00 0:00
Nick Shore 0 0 0 0 0 3 0 0 0 0 6/7 11:58 0:00 0:00
Patrik Laine 0 0 0 -2 0 2 2 1 0 1 1/1 18:28 0:57 0:54
Phil McRae 1 0 1 -1 0 2 3 0 0 0 9/25 19:24 1:15 1:19
Philippe Myers 0 1 1 1 0 2 0 6 1 0 0/0 22:49 0:51 1:36
Taro Hirose 0 0 0 1 0 5 1 0 1 0 0/0 8:51 0:00 0:00
Tyson Jost 0 0 0 2 0 0 0 0 0 0 9/13 18:11 0:57 3:03
3 Stars
1 - Jason Robertson (Bak)
2 - Christian Fischer (Bak)
3 - Nicolas Aube-Kubel (Her)
Power Play
Bears - 1 on 4 Attempt(s) - 25.00%
Condors - 1 on 1 Attempt(s) - 100.00%
Penalty Kill
Bears - 0 on 1 Attempt(s) - 0.00%
- Score 0 goal in Penalty Kill
Condors - 3 on 4 Attempt(s) - 75.00%
- Score 0 goal in Penalty Kill
Team Stat
Bears - Hits : 22 - Faceoff Wins : 26 - Blocked Shots : 16 - Penalty Minutes : 4
Condors - Hits : 20 - Faceoff Wins : 31 - Blocked Shots : 14 - Penalty Minutes : 6
Official
Referees : Graham Skilliter and Justin St. Pierre
Linesman : James Tobias and Julien Fournier
Game Notes
2:02 of 3rd period - Penalty Shot by Christian Fischer for Condors - Goal!
Finance
Level 1 -- Attendance: 1731 (86.55%) -- Ticket Income $121,170
Level 2 -- Attendance: 960 (96.00%) -- Ticket Income $38,400
Total Attendance: 2691 (89.70%)
Total Ticket Income: $159,570
Other Income: $7,978
Total Income: $167,548
Bears
5 vs 5 Forward
Center Left Wing Right Wing Time % Phy DF OF
1 Christian Dvorak Kerby Rychel Nicolas Aube-Kubel 40 0 1 4
2 Sam Carrick A.J. Jenks Joshua Leivo 30 0 2 3
3 Vincent Dunn Cole Smith Austin Wuthrich 20 0 2 3
4 Adam Lowry Nikolay Prokhorkin Nicholas Caamano 10 0 2 3
5 vs 5 Defense
Defense Defense Time % Phy DF OF
1 Mikko Vainonen Gianluca Curcuruto 40 0 3 2
2 Ryan Graves Tommy Vannelli 35 0 4 1
3 Jacob Bryson Jesper Pettersson 15 0 1 4
4 Mikko Vainonen Gianluca Curcuruto 10 0 4 1
PowerPlay Forward
Center Left Wing Right Wing Time % Phy DF OF
1 Christian Dvorak Kerby Rychel Nicolas Aube-Kubel 60 0 1 4
2 Sam Carrick A.J. Jenks Joshua Leivo 40 0 1 4
PowerPlay Defense
Defense Defense Time % Phy DF OF
1 Mikko Vainonen Gianluca Curcuruto 60 0 2 3
2 Jacob Bryson Tommy Vannelli 40 0 2 3
Penalty Kill 4 Players Forward
Center Wing Time % Phy DF OF
1 Christian Dvorak A.J. Jenks 60 0 3 2
2 Sam Carrick Nicolas Aube-Kubel 40 0 3 2
Penalty Kill 4 Players Defense
Defense Defense Time % Phy DF OF
1 Mikko Vainonen Gianluca Curcuruto 60 0 4 1
2 Ryan Graves Tommy Vannelli 40 0 4 1
Penalty Kill - 3 Players Forward
Forward Time % Phy DF OF
1 Christian Dvorak 60 0 4 1
2 Sam Carrick 40 0 4 1
Penalty Kill - 3 Players Defense
Defense Defense Time % Phy DF OF
1 Mikko Vainonen Gianluca Curcuruto 60 0 5 0
2 Ryan Graves Tommy Vannelli 40 0 5 0
4 vs 4 Forward
Center Wing Time % Phy DF OF
1 Christian Dvorak Nicolas Aube-Kubel 60 0 1 4
2 Sam Carrick Kerby Rychel 40 0 1 4
4 vs 4 Defense
Defense Defense Time % Phy DF OF
1 Mikko Vainonen Gianluca Curcuruto 60 0 2 3
2 Ryan Graves Tommy Vannelli 40 0 2 3
Last Minutes Offensive
Center Left Wing Right Wing Defense Defense
Christian Dvorak Kerby Rychel Nicolas Aube-Kubel Mikko Vainonen Gianluca Curcuruto
Last Minutes Defensive
Center Left Wing Right Wing Defense Defense
Christian Dvorak Kerby Rychel Nicolas Aube-Kubel Mikko Vainonen Gianluca Curcuruto
Goaltenders
Starting : Artyom Zagidulin
Backup : Jake Allen
Extra Forwards
Normal : Kerby Rychel, Nicolas Aube-Kubel, Christian Dvorak - PP : Kerby Rychel, Nicolas Aube-Kubel - PK : Kerby Rychel
Extra Defensemen
Normal : Mikko Vainonen, Gianluca Curcuruto, Tommy Vannelli - PP : Mikko Vainonen - PK : Mikko Vainonen, Gianluca Curcuruto
Penalty Shots
Kerby Rychel, Nicolas Aube-Kubel, Christian Dvorak, Joshua Leivo, A.J. Jenks
Custom OT Lines Forwards
Kerby Rychel, Nicolas Aube-Kubel, Christian Dvorak, Joshua Leivo, A.J. Jenks, Ryan Graves, Austin Wuthrich, Nikolay Prokhorkin, Vincent Dunn, Adam Lowry
Custom OT Lines Defensemen
Mikko Vainonen, Gianluca Curcuruto, Tommy Vannelli, Ryan Graves, Jacob Bryson
Scratches
Blake Speers (Healthy), Colby Cave (Healthy), Emil Johansson (Broken Right Foot Toe Injury), David Farrance (Healthy), Mackenze Stewart (Healthy)
Zack Hayes (Healthy), Mario Ferraro (Healthy), Michael Prapavessis (Strained Left Knee Injury), Will Reilly (Healthy), Kristians Rubins (Healthy)
Isaac Ratcliffe (Healthy), Jakob Stenqvist (Healthy), Arvid Henrikson (Healthy), Kirill Maksimov (Healthy)
Condors
5 vs 5 Forward
Center Left Wing Right Wing Time % Phy DF OF
1 Phil McRae Adam Erne Patrik Laine 40 1 2 2
2 Tyson Jost Jason Robertson Christian Fischer 30 1 2 2
3 Nick Shore Klim Kostin Kailer Yamamoto 20 1 2 2
4 Connor Hurley Taro Hirose Kiefer Sherwood 10 1 2 2
5 vs 5 Defense
Defense Defense Time % Phy DF OF
1 Brett Lernout Alexandre Carrier 40 1 2 2
2 Philippe Myers Gustav Olofsson 30 1 2 2
3 Emil Djuse Alexander Alexeyev 20 1 2 2
4 Filip Kral Philippe Myers 10 1 2 2
PowerPlay Forward
Center Left Wing Right Wing Time % Phy DF OF
1 Phil McRae Jason Robertson Christian Fischer 60 1 2 2
2 Tyson Jost Adam Erne Patrik Laine 40 1 2 2
PowerPlay Defense
Defense Defense Time % Phy DF OF
1 Brett Lernout Alexandre Carrier 60 1 2 2
2 Philippe Myers Gustav Olofsson 40 1 2 2
Penalty Kill 4 Players Forward
Center Wing Time % Phy DF OF
1 Tyson Jost Kiefer Sherwood 60 1 2 2
2 Phil McRae Jason Robertson 40 1 2 2
Penalty Kill 4 Players Defense
Defense Defense Time % Phy DF OF
1 Brett Lernout Alexandre Carrier 60 1 2 2
2 Philippe Myers Gustav Olofsson 40 1 2 2
Penalty Kill - 3 Players Forward
Forward Time % Phy DF OF
1 Tyson Jost 60 1 2 2
2 Phil McRae 40 1 2 2
Penalty Kill - 3 Players Defense
Defense Defense Time % Phy DF OF
1 Brett Lernout Alexandre Carrier 60 1 2 2
2 Philippe Myers Gustav Olofsson 40 1 2 2
4 vs 4 Forward
Center Wing Time % Phy DF OF
1 Phil McRae Adam Erne 60 1 2 2
2 Tyson Jost Jason Robertson 40 1 2 2
4 vs 4 Defense
Defense Defense Time % Phy DF OF
1 Brett Lernout Alexandre Carrier 60 1 2 2
2 Philippe Myers Gustav Olofsson 40 1 2 2
Last Minutes Offensive
Center Left Wing Right Wing Defense Defense
Phil McRae Adam Erne Christian Fischer Brett Lernout Alexandre Carrier
Last Minutes Defensive
Center Left Wing Right Wing Defense Defense
Phil McRae Adam Erne Christian Fischer Brett Lernout Alexandre Carrier
Goaltenders
Starting : Garret Sparks
Backup : Jaxson Stauber
Extra Forwards
Normal : Patrik Laine, Kiefer Sherwood, Tyson Jost - PP : Patrik Laine, Kiefer Sherwood - PK : Patrik Laine
Extra Defensemen
Normal : Emil Djuse, Alexander Alexeyev, Filip Kral - PP : Emil Djuse - PK : Emil Djuse, Alexander Alexeyev
Penalty Shots
Christian Fischer, Adam Erne, Jason Robertson, Phil McRae, Patrik Laine
Custom OT Lines Forwards
Christian Fischer, Adam Erne, Jason Robertson, Phil McRae, Patrik Laine, Kiefer Sherwood, Tyson Jost, Kailer Yamamoto, Taro Hirose, Connor Hurley
Custom OT Lines Defensemen
Brett Lernout, Alexandre Carrier, Philippe Myers, Gustav Olofsson, Emil Djuse
Scratches
Ryan McLeod (Healthy), Pontus Holmberg (Healthy), Cole Cassels (Healthy), Colin White (Healthy), Semyon Der-Arguchintsev (Healthy)
Jacob Larsson (Broken Right Thumb Injury), Jeremy Gregoire (Healthy), Jordan Subban (Healthy), Robin Salo (Healthy), Remi Elie (Healthy)
Filip Johansson (Healthy), Nikolai Knyzhov (Healthy), Lucas Johansen (Healthy), C.J. Smith (Healthy), Cole Fonstad (Healthy)
Jack Perbix (Healthy)
% Time on Ice - Bears
Lines # - Real PCT - Wanted PCT - Time Play
Normal Forward
1 - 30% - 40% - 15:38
2 - 28% - 30% - 14:26
3 - 21% - 20% - 11:10
4 - 21% - 10% - 11:10
Normal Defense
1 - 36% - 40% - 19:05
2 - 39% - 35% - 20:29
3 - 21% - 15% - 10:50
4 - 4% - 10% - 2:00
PP Forward
1 - 61% - 60% - 3:04
2 - 39% - 40% - 1:57
PP Defense
1 - 64% - 60% - 3:13
2 - 36% - 40% - 1:48
PK Forward
1 - 73% - 60% - 1:37
2 - 27% - 40% - 0:35
PK Defense
1 - 62% - 60% - 1:22
2 - 38% - 40% - 0:50
PK3 Forward
1 - 0% - 60%
2 - 0% - 40%
PK3 Defense
1 - 0% - 60%
2 - 0% - 40%
44 Forward
1 - 0% - 60%
2 - 0% - 40%
44 Defense
1 - 0% - 60%
2 - 0% - 40%
Last Minute Offensive - 0:23
Last Minute Defensive - 0:00
Total
Forward - 60:00
Defense - 60:00
|
% Time on Ice - Condors
Lines # - Real PCT - Wanted PCT - Time Play
Normal Forward
1 - 33% - 40% - 17:13
2 - 27% - 30% - 14:11
3 - 23% - 20% - 11:58
4 - 17% - 10% - 8:51
Normal Defense
1 - 39% - 40% - 20:32
2 - 31% - 30% - 16:23
3 - 21% - 20% - 10:47
4 - 9% - 10% - 4:31
PP Forward
1 - 57% - 60% - 1:15
2 - 43% - 40% - 0:57
PP Defense
1 - 61% - 60% - 1:21
2 - 39% - 40% - 0:51
PK Forward
1 - 74% - 60% - 3:42
2 - 26% - 40% - 1:19
PK Defense
1 - 68% - 60% - 3:25
2 - 32% - 40% - 1:36
PK3 Forward
1 - 0% - 60%
2 - 0% - 40%
PK3 Defense
1 - 0% - 60%
2 - 0% - 40%
44 Forward
1 - 0% - 60%
2 - 0% - 40%
44 Defense
1 - 0% - 60%
2 - 0% - 40%
Last Minute Offensive - 0:00
Last Minute Defensive - 0:34
Total
Forward - 60:00
Defense - 60:00
|
Play-by-Play
1st period
0:01 of 1st period - Phil McRae wins face-off versus Christian Dvorak in neutral zone.
1:12 of 1st period - Slapshot by Kiefer Sherwood.
1:12 of 1st period - Shot Blocked by Jacob Bryson.
1:14 of 1st period - Slapshot by Connor Hurley.
1:14 of 1st period - Goal by Connor Hurley - Bears : 0 - Condors : 1.
1:15 of 1st period - Christian Dvorak wins face-off versus Phil McRae in neutral zone.
2:12 of 1st period - Minor Penalty to Austin Wuthrich for Tripping.
2:13 of 1st period - Christian Dvorak wins face-off versus Phil McRae in Bears zone.
2:25 of 1st period - Backhand shot by Jason Robertson.
2:25 of 1st period - Goal by Jason Robertson - Bears : 0 - Condors : 2.
2:26 of 1st period - Christian Dvorak wins face-off versus Phil McRae in neutral zone.
2:29 of 1st period - Philippe Myers is hit by Gianluca Curcuruto.
2:38 of 1st period - Icing by Phil McRae.
2:39 of 1st period - Christian Dvorak wins face-off versus Phil McRae in Condors zone.
2:44 of 1st period - Snap shot by Nicolas Aube-Kubel.
2:44 of 1st period - Shot Blocked by Philippe Myers.
2:46 of 1st period - Slapshot by Mikko Vainonen.
2:46 of 1st period - Shot Blocked by Patrik Laine.
2:48 of 1st period - Snap shot by Christian Dvorak.
2:48 of 1st period - Shot Misses the Net.
2:50 of 1st period - Slapshot by Gianluca Curcuruto.
2:50 of 1st period - Shot Blocked by Philippe Myers.
2:52 of 1st period - Slapshot by Christian Dvorak.
2:52 of 1st period - Stopped by Garret Sparks with a rebound.
2:54 of 1st period - Slapshot by Mikko Vainonen.
2:54 of 1st period - Stopped by Garret Sparks with a rebound.
3:10 of 1st period - Slapshot by Jason Robertson.
3:10 of 1st period - Goal by Jason Robertson - Bears : 0 - Condors : 3.
3:11 of 1st period - Sam Carrick wins face-off versus Connor Hurley in neutral zone.
3:36 of 1st period - Ryan Graves is hit by Emil Djuse and loses puck.
3:44 of 1st period - Off-side.
3:45 of 1st period - Vincent Dunn wins face-off versus Phil McRae in neutral zone.
4:20 of 1st period - Snap shot by Kerby Rychel.
4:20 of 1st period - Shot Misses the Net.
4:22 of 1st period - Wrist shot by Kerby Rychel.
4:22 of 1st period - Shot Misses the Net.
4:24 of 1st period - Slapshot by Nicolas Aube-Kubel.
4:24 of 1st period - Shot Misses the Net.
4:42 of 1st period - Snap shot by Joshua Leivo.
4:42 of 1st period - Shot Misses the Net.
4:44 of 1st period - Slapshot by Ryan Graves.
4:44 of 1st period - Shot Blocked by Philippe Myers.
5:08 of 1st period - Icing by Ryan Graves.
5:09 of 1st period - Adam Lowry wins face-off versus Phil McRae in Bears zone.
6:00 of 1st period - Snap shot by Kailer Yamamoto.
6:00 of 1st period - Shot Misses the Net.
6:02 of 1st period - Snap shot by Nick Shore.
6:02 of 1st period - Deflect By Kailer Yamamoto.
6:02 of 1st period - Shot Blocked by Mikko Vainonen.
6:02 of 1st period - Puck is out of play.
6:03 of 1st period - Nick Shore wins face-off versus Vincent Dunn in Bears zone.
6:14 of 1st period - Snap shot by Kailer Yamamoto.
6:14 of 1st period - Stopped by Artyom Zagidulin without a rebound.
6:15 of 1st period - Patrik Laine wins face-off versus Christian Dvorak in Bears zone.
6:18 of 1st period - Slapshot by Patrik Laine.
6:18 of 1st period - Stopped by Artyom Zagidulin without a rebound.
6:19 of 1st period - Phil McRae wins face-off versus Christian Dvorak in Bears zone.
6:20 of 1st period - Snap shot by Adam Erne.
6:20 of 1st period - Deflect By Phil McRae.
6:20 of 1st period - Stopped by Artyom Zagidulin with a rebound.
6:22 of 1st period - Wrist shot by Patrik Laine.
6:22 of 1st period - Shot Blocked by Mikko Vainonen.
6:46 of 1st period - Tyson Jost is hit by Joshua Leivo.
7:24 of 1st period - Nikolay Prokhorkin is hit by Taro Hirose and loses puck.
8:08 of 1st period - Tyson Jost is hit by Sam Carrick and loses puck.
8:20 of 1st period - Sam Carrick is hit by Jason Robertson and loses puck.
8:31 of 1st period - Snap shot by Kailer Yamamoto.
8:31 of 1st period - Stopped by Artyom Zagidulin with a rebound.
8:33 of 1st period - Slapshot by Kailer Yamamoto.
8:33 of 1st period - Stopped by Artyom Zagidulin with a rebound.
8:35 of 1st period - Snap shot by Nick Shore.
8:35 of 1st period - Stopped by Artyom Zagidulin with a rebound.
8:37 of 1st period - Snap shot by Klim Kostin.
8:37 of 1st period - Shot Misses the Net.
9:27 of 1st period - Minor Penalty to Kerby Rychel for Holding.
9:28 of 1st period - Jason Robertson wins face-off versus Christian Dvorak in Bears zone.
9:53 of 1st period - Christian Dvorak is hit by Alexandre Carrier and loses puck.
11:27 of 1st period - Penalty to Kerby Rychel is over, Kerby Rychel is back on ice.
11:37 of 1st period - Off-side.
11:38 of 1st period - Vincent Dunn wins face-off versus Connor Hurley in neutral zone.
12:06 of 1st period - Icing by Emil Djuse.
12:07 of 1st period - Adam Lowry wins face-off versus Connor Hurley in Condors zone.
12:08 of 1st period - Snap shot by Nikolay Prokhorkin.
12:08 of 1st period - Stopped by Garret Sparks with a rebound.
12:16 of 1st period - Snap shot by Taro Hirose.
12:16 of 1st period - Stopped by Artyom Zagidulin with a rebound.
12:34 of 1st period - Wrist shot by Kiefer Sherwood.
12:34 of 1st period - Shot Misses the Net.
12:36 of 1st period - Slapshot by Alexander Alexeyev.
12:36 of 1st period - Shot Misses the Net.
12:48 of 1st period - Wrist shot by Taro Hirose.
12:48 of 1st period - Stopped by Artyom Zagidulin without a rebound.
12:49 of 1st period - Christian Dvorak wins face-off versus Phil McRae in Bears zone.
13:00 of 1st period - Wrist shot by Phil McRae.
13:00 of 1st period - Shot Misses the Net.
13:02 of 1st period - Snap shot by Brett Lernout.
13:02 of 1st period - Deflect By Christian Dvorak.
13:02 of 1st period - Stopped by Artyom Zagidulin with a rebound.
13:04 of 1st period - Slapshot by Phil McRae.
13:04 of 1st period - Shot Blocked by Nicolas Aube-Kubel.
13:18 of 1st period - Gustav Olofsson is hit by Ryan Graves and loses puck.
13:23 of 1st period - Snap shot by Sam Carrick.
13:23 of 1st period - Shot Misses the Net.
13:25 of 1st period - Slapshot by Tommy Vannelli.
13:25 of 1st period - Deflect By Joshua Leivo.
13:25 of 1st period - Shot Misses the Net.
13:25 of 1st period - Puck is out of play.
13:26 of 1st period - Christian Dvorak wins face-off versus Phil McRae in Condors zone.
13:51 of 1st period - Mikko Vainonen is hit by Jason Robertson.
13:59 of 1st period - Wrist shot by A.J. Jenks.
13:59 of 1st period - Shot Misses the Net.
14:01 of 1st period - Wrist shot by A.J. Jenks.
14:01 of 1st period - Shot Blocked by Alexandre Carrier.
14:30 of 1st period - Icing by Brett Lernout.
14:31 of 1st period - Christian Dvorak wins face-off versus Phil McRae in Condors zone.
14:32 of 1st period - Slapshot by Kerby Rychel.
14:32 of 1st period - Stopped by Garret Sparks with a rebound.
14:38 of 1st period - Snap shot by Nicolas Aube-Kubel.
14:38 of 1st period - Goal by Nicolas Aube-Kubel - Bears : 1 - Condors : 3.
14:39 of 1st period - Phil McRae wins face-off versus Christian Dvorak in neutral zone.
15:42 of 1st period - Icing by Cole Smith.
15:43 of 1st period - Connor Hurley wins face-off versus Adam Lowry in Bears zone.
15:56 of 1st period - Snap shot by Adam Lowry.
15:56 of 1st period - Deflect By Nikolay Prokhorkin.
15:56 of 1st period - Shot Misses the Net.
15:56 of 1st period - Puck is out of play.
15:57 of 1st period - Christian Dvorak wins face-off versus Phil McRae in Condors zone.
17:08 of 1st period - Snap shot by Tyson Jost.
17:08 of 1st period - Shot Misses the Net.
17:16 of 1st period - Wrist shot by Christian Fischer.
17:16 of 1st period - Stopped by Artyom Zagidulin with a rebound.
17:18 of 1st period - Slapshot by Philippe Myers.
17:18 of 1st period - Stopped by Artyom Zagidulin with a rebound.
17:20 of 1st period - Slapshot by Philippe Myers.
17:20 of 1st period - Stopped by Artyom Zagidulin with a rebound.
17:22 of 1st period - Slapshot by Gustav Olofsson.
17:22 of 1st period - Shot Blocked by Nikolay Prokhorkin.
17:30 of 1st period - Slapshot by Jason Robertson.
17:30 of 1st period - Shot Misses the Net.
17:32 of 1st period - Wrist shot by Christian Fischer.
17:32 of 1st period - Stopped by Artyom Zagidulin without a rebound.
17:33 of 1st period - Christian Dvorak wins face-off versus Phil McRae in Bears zone.
19:35 of 1st period - Snap shot by Kerby Rychel.
19:35 of 1st period - Shot Misses the Net.
19:43 of 1st period - Nicolas Aube-Kubel is hit by Jason Robertson and loses puck.
Goals for this period are 1 for Bears vs 3 for Condors.
Shots for this period are 5 for Bears vs 16 for Condors.
2nd period
0:01 of 2nd period - Phil McRae wins face-off versus Christian Dvorak in neutral zone.
0:36 of 2nd period - Wrist shot by Jason Robertson.
0:36 of 2nd period - Deflect By A.J. Jenks.
0:36 of 2nd period - Shot Blocked by Mikko Vainonen.
0:36 of 2nd period - Puck is out of play.
0:37 of 2nd period - Tyson Jost wins face-off versus Christian Dvorak in Bears zone.
0:40 of 2nd period - Wrist shot by Jason Robertson.
0:40 of 2nd period - Stopped by Artyom Zagidulin without a rebound.
0:41 of 2nd period - Christian Dvorak wins face-off versus Tyson Jost in Bears zone.
0:50 of 2nd period - Slapshot by Tyson Jost.
0:50 of 2nd period - Shot Blocked by Ryan Graves.
1:46 of 2nd period - Double Minor Penalty to Klim Kostin for Roughing.
1:47 of 2nd period - Christian Dvorak wins face-off versus Tyson Jost in Condors zone.
1:52 of 2nd period - Snap shot by Kerby Rychel.
1:52 of 2nd period - Stopped by Garret Sparks with a rebound.
1:54 of 2nd period - Slapshot by Mikko Vainonen.
1:54 of 2nd period - Deflect By Kerby Rychel.
1:54 of 2nd period - Shot Blocked by Alexandre Carrier.
1:54 of 2nd period - Puck is out of play.
1:55 of 2nd period - Tyson Jost wins face-off versus Christian Dvorak in Condors zone.
2:15 of 2nd period - Wrist shot by Kerby Rychel.
2:15 of 2nd period - Shot Misses the Net.
2:49 of 2nd period - Wrist shot by Nicolas Aube-Kubel.
2:49 of 2nd period - Goal by Nicolas Aube-Kubel - Bears : 2 - Condors : 3.
2:50 of 2nd period - Tyson Jost wins face-off versus Sam Carrick in neutral zone.
4:49 of 2nd period - Penalty to Klim Kostin is over, Klim Kostin is back on ice.
5:11 of 2nd period - Wrist shot by Connor Hurley.
5:11 of 2nd period - Shot Blocked by Mikko Vainonen.
5:13 of 2nd period - Snap shot by Adam Erne.
5:13 of 2nd period - Stopped by Artyom Zagidulin with a rebound.
5:15 of 2nd period - Snap shot by Klim Kostin.
5:15 of 2nd period - Shot Blocked by Gianluca Curcuruto.
5:17 of 2nd period - Snap shot by Adam Erne.
5:17 of 2nd period - Deflect By Klim Kostin.
5:17 of 2nd period - Stopped by Artyom Zagidulin with a rebound.
5:19 of 2nd period - Snap shot by Klim Kostin.
5:19 of 2nd period - Stopped by Artyom Zagidulin without a rebound.
5:20 of 2nd period - Austin Wuthrich wins face-off versus Tyson Jost in Bears zone.
5:43 of 2nd period - Klim Kostin is hit by A.J. Jenks.
6:17 of 2nd period - Snap shot by Nikolay Prokhorkin.
6:17 of 2nd period - Stopped by Garret Sparks without a rebound.
6:18 of 2nd period - Kiefer Sherwood wins face-off versus Adam Lowry in Condors zone.
6:18 of 2nd period - Kiefer Sherwood is hit by Tommy Vannelli.
6:43 of 2nd period - Off-side.
6:44 of 2nd period - Tyson Jost wins face-off versus Nicolas Aube-Kubel in neutral zone.
7:11 of 2nd period - Patrik Laine is hit by A.J. Jenks.
7:21 of 2nd period - Slapshot by Adam Erne.
7:21 of 2nd period - Deflect By Patrik Laine.
7:21 of 2nd period - Stopped by Artyom Zagidulin without a rebound.
7:22 of 2nd period - Nick Shore wins face-off versus Vincent Dunn in Bears zone.
7:27 of 2nd period - Slapshot by Kailer Yamamoto.
7:27 of 2nd period - Shot Misses the Net.
7:29 of 2nd period - Snap shot by Brett Lernout.
7:29 of 2nd period - Stopped by Artyom Zagidulin with a rebound.
7:31 of 2nd period - Slapshot by Brett Lernout.
7:31 of 2nd period - Stopped by Artyom Zagidulin with a rebound.
7:33 of 2nd period - Slapshot by Kailer Yamamoto.
7:33 of 2nd period - Shot Misses the Net.
8:10 of 2nd period - Jason Robertson is hit by A.J. Jenks and loses puck.
8:17 of 2nd period - Wrist shot by Sam Carrick.
8:17 of 2nd period - Shot Misses the Net.
8:19 of 2nd period - Slapshot by Tommy Vannelli.
8:19 of 2nd period - Stopped by Garret Sparks with a rebound.
8:31 of 2nd period - Slapshot by Philippe Myers.
8:31 of 2nd period - Deflect By Taro Hirose.
8:31 of 2nd period - Shot Misses the Net.
8:31 of 2nd period - Puck is out of play.
8:32 of 2nd period - Connor Hurley wins face-off versus Adam Lowry in Bears zone.
8:33 of 2nd period - Snap shot by Kiefer Sherwood.
8:33 of 2nd period - Stopped by Artyom Zagidulin without a rebound.
8:34 of 2nd period - Connor Hurley wins face-off versus Christian Dvorak in Bears zone.
8:35 of 2nd period - Wrist shot by Taro Hirose.
8:35 of 2nd period - Stopped by Artyom Zagidulin with a rebound.
8:37 of 2nd period - Snap shot by Connor Hurley.
8:37 of 2nd period - Shot Misses the Net.
8:43 of 2nd period - Slapshot by Taro Hirose.
8:43 of 2nd period - Stopped by Artyom Zagidulin without a rebound.
8:44 of 2nd period - Phil McRae wins face-off versus Christian Dvorak in Bears zone.
9:37 of 2nd period - Snap shot by Austin Wuthrich.
9:37 of 2nd period - Stopped by Garret Sparks with a rebound.
9:39 of 2nd period - Snap shot by Tommy Vannelli.
9:39 of 2nd period - Shot Blocked by Brett Lernout.
10:15 of 2nd period - Wrist shot by Taro Hirose.
10:15 of 2nd period - Shot Misses the Net.
10:17 of 2nd period - Wrist shot by Brett Lernout.
10:17 of 2nd period - Stopped by Artyom Zagidulin with a rebound.
10:19 of 2nd period - Snap shot by Alexandre Carrier.
10:19 of 2nd period - Stopped by Artyom Zagidulin with a rebound.
10:21 of 2nd period - Slapshot by Brett Lernout.
10:21 of 2nd period - Stopped by Artyom Zagidulin without a rebound.
10:22 of 2nd period - Tyson Jost wins face-off versus Sam Carrick in Bears zone.
10:31 of 2nd period - Wrist shot by Jason Robertson.
10:31 of 2nd period - Shot Blocked by Mikko Vainonen.
11:01 of 2nd period - Snap shot by Joshua Leivo.
11:01 of 2nd period - Stopped by Garret Sparks with a rebound.
11:03 of 2nd period - Snap shot by Sam Carrick.
11:03 of 2nd period - Stopped by Garret Sparks without a rebound.
11:04 of 2nd period - Phil McRae wins face-off versus Christian Dvorak in Condors zone.
12:07 of 2nd period - Icing by Jacob Bryson.
12:08 of 2nd period - Connor Hurley wins face-off versus Adam Lowry in Bears zone.
12:34 of 2nd period - Slapshot by Jesper Pettersson.
12:34 of 2nd period - Stopped by Garret Sparks without a rebound.
12:35 of 2nd period - Tyson Jost wins face-off versus Christian Dvorak in Condors zone.
13:45 of 2nd period - Mikko Vainonen is hit by Jason Robertson and loses puck.
13:56 of 2nd period - Slapshot by Christian Fischer.
13:56 of 2nd period - Stopped by Artyom Zagidulin with a rebound.
14:12 of 2nd period - Snap shot by Kerby Rychel.
14:12 of 2nd period - Shot Misses the Net.
14:32 of 2nd period - Sam Carrick is hit by Patrik Laine and loses puck.
14:51 of 2nd period - Snap shot by Nick Shore.
14:51 of 2nd period - Stopped by Artyom Zagidulin without a rebound.
14:52 of 2nd period - Tyson Jost wins face-off versus Adam Lowry in Bears zone.
14:53 of 2nd period - Snap shot by Christian Fischer.
14:53 of 2nd period - Shot Blocked by Nikolay Prokhorkin.
14:55 of 2nd period - Wrist shot by Christian Fischer.
14:55 of 2nd period - Shot Blocked by Tommy Vannelli.
15:03 of 2nd period - Wrist shot by Tyson Jost.
15:03 of 2nd period - Shot Blocked by Ryan Graves.
15:07 of 2nd period - Slapshot by Christian Fischer.
15:07 of 2nd period - Stopped by Artyom Zagidulin without a rebound.
15:08 of 2nd period - Christian Dvorak wins face-off versus Phil McRae in Bears zone.
15:08 of 2nd period - Christian Dvorak is hit by Phil McRae.
15:34 of 2nd period - Alexandre Carrier is hit by Cole Smith and loses puck.
16:07 of 2nd period - Joshua Leivo is hit by Brett Lernout and loses puck.
16:20 of 2nd period - Nick Shore is hit by Kerby Rychel and loses puck.
16:25 of 2nd period - Wrist shot by Nicolas Aube-Kubel.
16:25 of 2nd period - Shot Blocked by Gustav Olofsson.
16:27 of 2nd period - Wrist shot by Kerby Rychel.
16:27 of 2nd period - Stopped by Garret Sparks with a rebound.
16:39 of 2nd period - Snap shot by Cole Smith.
16:39 of 2nd period - Shot Blocked by Philippe Myers.
16:45 of 2nd period - Ryan Graves is hit by Kiefer Sherwood and loses puck.
16:50 of 2nd period - Wrist shot by Taro Hirose.
16:50 of 2nd period - Stopped by Artyom Zagidulin with a rebound.
17:12 of 2nd period - Snap shot by Tyson Jost.
17:12 of 2nd period - Shot Misses the Net.
17:26 of 2nd period - Sam Carrick is hit by Phil McRae.
17:30 of 2nd period - Patrik Laine is hit by Gianluca Curcuruto and loses puck.
17:45 of 2nd period - Kailer Yamamoto is hit by Kerby Rychel.
18:04 of 2nd period - Off-side.
18:05 of 2nd period - Vincent Dunn wins face-off versus Connor Hurley in neutral zone.
18:27 of 2nd period - Brett Lernout is hit by Austin Wuthrich and loses puck.
18:40 of 2nd period - Wrist shot by Austin Wuthrich.
18:40 of 2nd period - Shot Blocked by Brett Lernout.
18:51 of 2nd period - Snap shot by Austin Wuthrich.
18:51 of 2nd period - Stopped by Garret Sparks without a rebound.
18:52 of 2nd period - Christian Dvorak wins face-off versus Phil McRae in Condors zone.
18:53 of 2nd period - Snap shot by Nicolas Aube-Kubel.
18:53 of 2nd period - Stopped by Garret Sparks with a rebound.
19:17 of 2nd period - Mikko Vainonen is hit by Gustav Olofsson and loses puck.
19:41 of 2nd period - Klim Kostin is hit by Ryan Graves and loses puck.
Goals for this period are 1 for Bears vs 0 for Condors.
Shots for this period are 11 for Bears vs 17 for Condors.
3rd period
0:01 of 3rd period - Phil McRae wins face-off versus Christian Dvorak in neutral zone.
0:12 of 3rd period - Wrist shot by Nicolas Aube-Kubel.
0:12 of 3rd period - Shot Misses the Net.
0:16 of 3rd period - Snap shot by Kerby Rychel.
0:16 of 3rd period - Shot Misses the Net.
0:50 of 3rd period - Nick Shore is hit by Austin Wuthrich and loses puck.
1:07 of 3rd period - Christian Dvorak is hit by Patrik Laine and loses puck.
1:50 of 3rd period - Slapshot by Sam Carrick.
1:50 of 3rd period - Stopped by Garret Sparks with a rebound.
1:52 of 3rd period - Snap shot by Sam Carrick.
1:52 of 3rd period - Shot Blocked by Alexander Alexeyev.
1:54 of 3rd period - Slapshot by Joshua Leivo.
1:54 of 3rd period - Shot Misses the Net.
1:56 of 3rd period - Slapshot by Sam Carrick.
1:56 of 3rd period - Shot Misses the Net.
2:02 of 3rd period - Penalty Shot by Christian Fischer for Condors.
2:02 of 3rd period - Snap shot by Christian Fischer.
2:02 of 3rd period - Goal by Christian Fischer - Bears : 2 - Condors : 4.
2:03 of 3rd period - Phil McRae wins face-off versus Christian Dvorak in neutral zone.
2:04 of 3rd period - Phil McRae wins face-off versus Christian Dvorak in Condors zone.
2:04 of 3rd period - Phil McRae is hit by Christian Dvorak.
2:15 of 3rd period - Wrist shot by Nicolas Aube-Kubel.
2:15 of 3rd period - Stopped by Garret Sparks with a rebound.
2:17 of 3rd period - Snap shot by Mikko Vainonen.
2:17 of 3rd period - Deflect By Brett Lernout.
2:17 of 3rd period - Stopped by Garret Sparks with a rebound.
2:19 of 3rd period - Slapshot by Mikko Vainonen.
2:19 of 3rd period - Deflect By Kerby Rychel.
2:19 of 3rd period - Stopped by Garret Sparks with a rebound.
2:29 of 3rd period - Mikko Vainonen is hit by Alexandre Carrier and loses puck.
2:54 of 3rd period - Brett Lernout is hit by Ryan Graves and loses puck.
3:06 of 3rd period - Icing by Filip Kral.
3:07 of 3rd period - Nick Shore wins face-off versus Adam Lowry in Condors zone.
3:42 of 3rd period - Snap shot by Christian Dvorak.
3:42 of 3rd period - Stopped by Garret Sparks with a rebound.
3:57 of 3rd period - Minor Penalty to Alexander Alexeyev for Slashing.
3:58 of 3rd period - Tyson Jost wins face-off versus Christian Dvorak in Condors zone.
4:06 of 3rd period - Wrist shot by Nicolas Aube-Kubel.
4:06 of 3rd period - Shot Misses the Net.
4:08 of 3rd period - Wrist shot by Nicolas Aube-Kubel.
4:08 of 3rd period - Shot Misses the Net.
4:10 of 3rd period - Snap shot by Christian Dvorak.
4:10 of 3rd period - Stopped by Garret Sparks without a rebound.
4:11 of 3rd period - Christian Dvorak wins face-off versus Tyson Jost in Condors zone.
4:38 of 3rd period - Sam Carrick is hit by Kiefer Sherwood and loses puck.
4:47 of 3rd period - Snap shot by Sam Carrick.
4:47 of 3rd period - Shot Misses the Net.
5:02 of 3rd period - Off-side.
5:03 of 3rd period - Tyson Jost wins face-off versus Sam Carrick in neutral zone.
5:57 of 3rd period - Penalty to Alexander Alexeyev is over, Alexander Alexeyev is back on ice.
5:59 of 3rd period - Slapshot by Alexandre Carrier.
5:59 of 3rd period - Shot Misses the Net.
6:22 of 3rd period - Off-side.
6:23 of 3rd period - Nick Shore wins face-off versus Adam Lowry in neutral zone.
6:51 of 3rd period - Snap shot by Nicolas Aube-Kubel.
6:51 of 3rd period - Deflect By Kerby Rychel.
6:51 of 3rd period - Stopped by Garret Sparks with a rebound.
6:55 of 3rd period - Wrist shot by Nicolas Aube-Kubel.
6:55 of 3rd period - Stopped by Garret Sparks with a rebound.
6:57 of 3rd period - Wrist shot by Nicolas Aube-Kubel.
6:57 of 3rd period - Stopped by Garret Sparks with a rebound.
7:35 of 3rd period - Kiefer Sherwood is hit by Gianluca Curcuruto and loses puck.
7:57 of 3rd period - Wrist shot by Christian Dvorak.
7:57 of 3rd period - Stopped by Garret Sparks with a rebound.
8:35 of 3rd period - Christian Fischer is hit by Austin Wuthrich and loses puck.
8:42 of 3rd period - Snap shot by Austin Wuthrich.
8:42 of 3rd period - Stopped by Garret Sparks with a rebound.
9:34 of 3rd period - Nick Shore is hit by Tommy Vannelli and loses puck.
10:00 of 3rd period - Slapshot by Jacob Bryson.
10:00 of 3rd period - Shot Misses the Net.
10:02 of 3rd period - Snap shot by Jacob Bryson.
10:02 of 3rd period - Deflect By Adam Erne.
10:02 of 3rd period - Stopped by Garret Sparks with a rebound.
10:04 of 3rd period - Wrist shot by Jesper Pettersson.
10:04 of 3rd period - Deflect By Phil McRae.
10:04 of 3rd period - Stopped by Garret Sparks with a rebound.
10:40 of 3rd period - Nicolas Aube-Kubel is hit by Jason Robertson and loses puck.
10:45 of 3rd period - Wrist shot by Tyson Jost.
10:45 of 3rd period - Shot Misses the Net.
11:06 of 3rd period - Adam Lowry is hit by Alexandre Carrier and loses puck.
12:23 of 3rd period - Wrist shot by Nick Shore.
12:23 of 3rd period - Stopped by Artyom Zagidulin without a rebound.
12:24 of 3rd period - Nick Shore wins face-off versus Sam Carrick in Bears zone.
12:39 of 3rd period - Snap shot by Nick Shore.
12:39 of 3rd period - Shot Blocked by Mikko Vainonen.
12:51 of 3rd period - Off-side.
12:52 of 3rd period - Christian Dvorak wins face-off versus Phil McRae in neutral zone.
13:02 of 3rd period - Snap shot by Adam Erne.
13:02 of 3rd period - Stopped by Artyom Zagidulin without a rebound.
13:03 of 3rd period - Kerby Rychel wins face-off versus Phil McRae in Bears zone.
13:03 of 3rd period - Kerby Rychel is hit by Brett Lernout.
13:59 of 3rd period - Snap shot by Austin Wuthrich.
13:59 of 3rd period - Shot Blocked by Kailer Yamamoto.
14:01 of 3rd period - Snap shot by Gianluca Curcuruto.
14:01 of 3rd period - Shot Blocked by Philippe Myers.
14:14 of 3rd period - Icing by Nicholas Caamano.
14:15 of 3rd period - Nikolay Prokhorkin wins face-off versus Phil McRae in Bears zone.
14:15 of 3rd period - Nikolay Prokhorkin is hit by Phil McRae.
14:47 of 3rd period - Phil McRae is hit by Adam Lowry and loses puck.
15:29 of 3rd period - Wrist shot by Nikolay Prokhorkin.
15:29 of 3rd period - Shot Misses the Net.
15:31 of 3rd period - Slapshot by Tommy Vannelli.
15:31 of 3rd period - Deflect By Brett Lernout.
15:31 of 3rd period - Stopped by Garret Sparks with a rebound.
16:02 of 3rd period - Snap shot by Adam Lowry.
16:02 of 3rd period - Goal by Adam Lowry - Bears : 3 - Condors : 4.
16:03 of 3rd period - Vincent Dunn wins face-off versus Nick Shore in neutral zone.
16:10 of 3rd period - Slapshot by Gianluca Curcuruto.
16:10 of 3rd period - Deflect By Cole Smith.
16:10 of 3rd period - Shot Blocked by Philippe Myers.
16:10 of 3rd period - Puck is out of play.
16:11 of 3rd period - Nick Shore wins face-off versus Vincent Dunn in Condors zone.
16:22 of 3rd period - Slapshot by Vincent Dunn.
16:22 of 3rd period - Shot Misses the Net.
17:33 of 3rd period - Kiefer Sherwood is hit by Jacob Bryson and loses puck.
19:07 of 3rd period - Slapshot by Christian Fischer.
19:07 of 3rd period - Shot Misses the Net.
19:09 of 3rd period - Slapshot by Phil McRae.
19:09 of 3rd period - Shot Blocked by Mikko Vainonen.
19:13 of 3rd period - Slapshot by Christian Fischer.
19:13 of 3rd period - Deflect By Nicolas Aube-Kubel.
19:13 of 3rd period - Stopped by Artyom Zagidulin with a rebound.
19:15 of 3rd period - Snap shot by Adam Erne.
19:15 of 3rd period - Shot Blocked by Mikko Vainonen.
19:17 of 3rd period - Snap shot by Alexandre Carrier.
19:17 of 3rd period - Shot Misses the Net.
19:19 of 3rd period - Snap shot by Phil McRae.
19:19 of 3rd period - Goal by Phil McRae - Bears : 3 - Condors : 5.
19:20 of 3rd period - Vincent Dunn wins face-off versus Kailer Yamamoto in neutral zone.
Goals for this period are 1 for Bears vs 2 for Condors.
Shots for this period are 15 for Bears vs 4 for Condors.
Output by the SimonT Hockey Simulator (STHS) for Francois Prevost